Mandevil, lawful female dwarven Archeologist ############ ----- #------- --- ---- ---- |...| ------- ##|..... . .. .. |....###### |.....| # #..---- .-----.---- ..----- |...| # |......####|.|..|---.|..ha.|..| ..|(.]| |..<| ##...)..|# |.| .|..|.|@_.|.-..| .|(%(| -.--- |.....| |.--||..|.|)G)|.---|----.|...| |.>...| |....|..|.|..Y|....|...|.-|--- | |.....| |.{..-|--.----|....-...|........| ------- |..........| |-+-.-----..----- | |....--|-..-..| |........|.%.| |.--+|..|.----| |--|-....-.%%| | |.| |..|.-..!|--|...|---.-----.| |.| |---.|.)!|..|((.| |.......| |.| |....|.+*|..|(((| +.......| |.----....------|--------.....{.| |...............................| --------------------------------- Mandevil the Investigator Experience level: 6 Strength: 16 Dexterity: 12 Constitution: 11 Intelligence: 13 Wisdom: 15 Charisma: 9 Health: 0(37) Energy: 28(28) AC: 6 Gold: 0 Moves: 3119 Your Inventory: Weapons a - an uncursed +2 bullwhip (alternate weapon; not wielded) D - an uncursed [+0] throwing star [shuriken] (in quiver) Armor x - an uncursed +0 white-handed shield [Uruk-hai] (being worn) M - an uncursed +0 visored helmet [of brilliance] (being worn) N - an uncursed +0 leather armor (being worn) Comestibles T - an [uncursed] food ration Rings A - a blessed [+3] jet ring [of increase damage] H - an uncursed opal ring [of free action] S - an [uncursed] glass ring [of protection from shape changers] Tools e - an uncursed +0 pick-axe (weapon in hand) f - an uncursed tinning kit (0:65) h - an uncursed sack i - an uncursed tin opener m - an uncursed [oil] lamp called oil lamp u - an uncursed tin opener w - an uncursed magic whistle B - an uncursed [tallow] candle X - a [blessed magic] lamp called magic lamp Gems g - an uncursed touchstone Contents of the sack: 197 gold pieces 4 uncursed food rations an uncursed scroll labeled ETAOIN SHRDLU [of enchant armor] a blessed scroll labeled GARVEN DEH [of create monster] an uncursed scroll labeled GARVEN DEH [of create monster] a blessed scroll labeled JUYED AWK YACC [of flood] an uncursed scroll labeled THARR [of teleportation] an uncursed scroll labeled VENZAR BORGAVVE [of confuse monster] an uncursed scroll labeled ZELGO MER [of remove curse] an uncursed big spellbook [of magic mapping] an uncursed spellbook of charm monster an [uncursed] clear potion [of water] an [uncursed] clear potion [of water] an uncursed golden potion [of enlightenment] an uncursed muddy potion [of extra healing] 2 uncursed yellow potions [of sickness] Spells known in the end: Name Level Category Fail Memory a - charm monster 3 enchantment 100% [||||||||] Your skills at the end: Fighting Skills Weapon Skills pick-axe [Basic / Expert] sling [Basic / Skilled] whip [Basic / Expert] Spellcasting Skills Final Attributes: You were piously aligned. Hunger level was 48. Your alignment was 23 / 25. Monster difficulty range was 1 - 6. Level difficulty was 7. You had infravision. You were stealthy. You were fast. You were lucky (1). You are dead. Vanquished creatures: a small mimic a fire ant an orc shaman 2 rock piercers an enormous rat a rock mole a shrieker a gray ooze a kitten a dwarf a kobold lord a rabid rat a wererat 6 manes a large kobold 2 cave spiders a brown mold a green mold 8 gnomes 6 garter snakes a gecko a jackal a fox a kobold a goblin 5 grid bugs 3 lichens 4 kobold zombies 4 newts 60 creatures vanquished. Voluntary challenges: You used a wielded weapon 129 times. You read items or engraved 311 times. You put on armor 9 times. You never genocided any monsters. You never polymorphed an object. You changed form 1 time. You used no wishes. You wrote Elbereth's name 186 times. You never encountered a bones level. You never used any Sokoban shortcuts. Dungeon overview: The Dungeons of Doom: levels 1 to 3 Level 1 an altar to Quetzalcoatl, some fountains a long staircase Level 3 a fountain stairs to The Gnomish Mines The Gnomish Mines: levels 4 to 7 Level 4 stairs to The Dungeons of Doom Level 7 <- You were here many shops, a temple, a magic chest, some fountains History has recorded: On T:1 you entered the Dungeons of Doom to retrieve the Amulet of Yendor! On T:229 you advanced to experience level 2. On T:366 you reached level 2 of The Dungeons of Doom. On T:547 you advanced to experience level 3. On T:566 you reached level 3 of The Dungeons of Doom. On T:611 you advanced to experience level 4. On T:960 you reached level 1 of The Gnomish Mines. On T:1082 you advanced to experience level 5. On T:1175 you reached level 2 of The Gnomish Mines. On T:1213 you reached level 3 of The Gnomish Mines. On T:1593 you advanced to experience level 6. On T:2319 you reached level 4 of The Gnomish Mines. Latest messages: [HP+1=28] The throwing star misses the yeti. The throwing star slips as you throw it! The soldier ant turns to flee! [HP+1=29] The orc shaman hurls a sky blue potion! The flagon crashes on your head and breaks into shards. You feel somewhat dizzy. The orc shaman turns to flee! [HP-1=28] [2 turns] You feel less confused now. [HP+1=29] You hit the yeti. [HP+1=30] You are beginning to feel weak. You miss the soldier ant. The soldier ant bites! The soldier ant stings! The soldier ant bites! The soldier ant misses. The soldier ant bites! The soldier ant stings! You die... Final status: Goodbye Mandevil the Archeologist... You died in The Gnomish Mines on dungeon level 7 with 2464 points, and 197 pieces of gold, after 3119 moves. You were level 6 with a maximum of 37 hit points when you died.